 Dungeon Crawl Stone Soup version 0.28-a0-768-g8c92f1e708 (webtiles) character file.

Game seed: 3174162442054068923

78255 Gargoyl the Fighter (level 15, -14/120 HPs)
             Began as a Gnoll Abyssal Knight on Oct 31, 2021.
             Was the Champion of Lugonu.
             Demolished by a skeletal warrior (18 damage)
             ... led by a skeletal warrior
             ... on level 13 of the Dungeon.
             The game lasted 00:40:21 (31102 turns).

Gargoyl the Fighter (Gnoll Abyssal Knight)         Turns: 31102, Time: 00:40:22

Health: -14/120    AC: 19    Str: 25    XL:     15   Next: 59%
Magic:  25/29      EV: 15    Int: 10    God:    Lugonu [******]
Gold:   2626       SH:  0    Dex: 13    Spells: 34/34 levels left

rFire   + . .      SeeInvis .   c - +9 halberd of Valour {vorpal, rF+ Will+ Stlth+}
rCold   + . .      Faith    .   (shield currently unavailable)
rNeg    + . .      Spirit   .   t - +2 ring mail of Ketyn {rElec rPois Str+6 Stlth-}
rPois   +          Reflect  .   e - +3 hat "Ihes" {rC+ Str+3}
rElec   +          Harm     .   (no cloak)
rCorr   .          Rampage  .   (no gloves)
Will    ++...                   E - +1 pair of boots
Stlth   ++++......              p - amulet of magic regeneration
HPRegen 0.30/turn               K - +4 ring of protection
MPRegen 0.46/turn               q - ring of positive energy

@: no status effects
A: fangs 1, strong nose, distributed training, passive freeze, weak 1
a: Renounce Religion, Depart the Abyss, Bend Space, Banish, Corrupt, Enter the
Abyss, Brand Weapon With Distortion


You were on level 13 of the Dungeon.
You worshipped Lugonu.
Lugonu was exalted by your worship.
You visited 2 branches of the dungeon, and saw 21 of its levels.
You visited the Abyss 2 times.
You also visited: Ossuary.

You collected 3034 gold pieces.
You spent 408 gold pieces at shops.

Inventory:

Hand Weapons
 a - a +2 hand axe
 c - the +9 halberd of Valour (weapon) {vorpal, rF+ Will+ Stlth+}
   (You found it on level 2 of the Abyss)

   It inflicts extra damage upon your enemies.
   rF:        It protects you from fire.
   Will:      It increases your willpower.
   Stlth:     It makes you more stealthy.
 h - a +3 war axe of flaming
 i - a +2 war axe
Missiles
 g - 106 poisoned darts (quivered)
 L - 6 curare-tipped darts
 P - a throwing net
Armour
 e - the +3 hat "Ihes" (worn) {rC+ Str+3}
   (You acquired it on level 6 of the Dungeon)

   Str:       It affects your strength (+3).
   rC:        It protects you from cold.
 t - the +2 ring mail of Ketyn (worn) {rElec rPois Str+6 Stlth-}
   (You found it on level 4 of the Dungeon)

   Str:       It affects your strength (+6).
   rElec:     It insulates you from electricity.
   rPois:     It protects you from poison.
   Stlth:     It makes you less stealthy.
 E - a +1 pair of boots (worn)
Jewellery
 b - a +6 ring of dexterity
 l - a ring of resist corrosion
 p - an amulet of magic regeneration (around neck)
 q - a ring of positive energy (right hand)
 r - a +4 ring of evasion
 u - a ring of protection from cold
 G - a +4 ring of slaying
 K - a +4 ring of protection (left hand)
 O - a +6 ring of dexterity
Wands
 j - a wand of mindburst (14)
 A - a wand of paralysis (4)
 C - a wand of charming (10)
 D - a wand of iceblast (25)
 M - a wand of flame (16)
Scrolls
 d - a scroll of teleportation
 m - 4 scrolls of fog
 w - 3 scrolls of magic mapping
 y - 2 scrolls of holy word
 N - 5 scrolls of identify
Potions
 f - 11 potions of curing
 k - 6 potions of might
 n - 3 potions of haste
 o - 4 potions of flight
 s - 5 potions of invisibility
 v - 2 potions of resistance
 x - 5 potions of lignification
 z - 3 potions of brilliance
 B - 2 potions of cancellation
 F - a potion of mutation
 H - 2 potions of ambrosia
 I - a potion of berserk rage
 J - a potion of attraction {unknown}
Miscellaneous
 Q - a lightning rod (4/4)


   Skills:
 + Level 12.1 Fighting
 + Level 10.2 Short Blades
 + Level 10.2 Long Blades
 + Level 11.2 Axes
 + Level 10.2 Maces & Flails
 + Level 10.2 Polearms
 + Level 10.2 Staves
 + Level 10.2 Slings
 + Level 10.2 Bows
 + Level 10.2 Crossbows
 + Level 10.2 Throwing
 + Level 11.2 Armour
 + Level 10.6 Dodging
 + Level 10.2 Stealth
 + Level 10.2 Shields
 + Level 10.2 Unarmed Combat
 + Level 10.2 Spellcasting
 + Level 8.6 Conjurations
 + Level 8.6 Hexes
 + Level 8.6 Summonings
 + Level 8.6 Necromancy
 + Level 8.6 Translocations
 + Level 8.6 Transmutations
 + Level 8.6 Fire Magic
 + Level 8.6 Ice Magic
 + Level 8.6 Air Magic
 + Level 8.6 Earth Magic
 + Level 8.6 Poison Magic
 + Level 12.0 Invocations
 + Level 10.2 Evocations


You had 34 spell levels left.
You didn't know any spells.
Your spell library contained the following spells:

 Spells                   Type           Power      Damage    Failure   Level
 Freeze                   Ice            88%        1d10      1%          1
 Magic Dart               Conj           88%        1d7       1%          1
 Blink                    Tloc           44%        N/A       1%          2
 Call Imp                 Summ           22%        N/A       1%          2
 Ensorcelled Hibernation  Hex/Ice        44%        N/A       1%          2
 Frozen Ramparts          Ice            44%        1d6       1%          3
 Mephitic Cloud           Conj/Pois/Air  22%        N/A       1%          3
 Ozocubu's Armour         Ice            22%        N/A       1%          3
 Spider Form              Tmut/Pois      11%        N/A       1%          3
 Hailstorm                Conj/Ice       22%        3d7       5%          4
 Summon Lightning Spire   Summ/Air       22%        N/A       5%          4
 Alistair's Intoxication  Tmut/Pois      14%        N/A       16%         5
 Borgnjor's Vile Clutch   Necr/Erth      11%        N/A       16%         5
 Manifold Assault         Tloc           22%        N/A       16%         5
 Metabolic Englaciation   Hex/Ice        11%        N/A       16%         5
 Eringya's Noxious Bog    Tmut/Pois      11%        N/A       63%         6
 Simulacrum               Ice/Necr       11%        N/A       63%         6
 Storm Form               Tmut/Air       11%        N/A       99%         7
 Maxwell's Capacitive Co  Air            11%        ∞         100%        8


Dungeon Overview and Level Annotations

Branches:
Dungeon (15/15)            Temple (0/1) D:4            Lair (6/6) D:9
 Shoals (0/4) Lair:4        Snake (0/4) Lair:4        Slime (0/5) Lair:6
    Orc (0/2) D:9         Ossuary (visited)
 Vaults: D:13-14     Depths: D:15

Altars:
Cheibriados
Fedhas
Gozag
Nemelex Xobeh
Okawaru
Qazlal
Ru
Trog
Wu Jian
Xom
The Shining One
Beogh
Jiyva

Shops:
D:1 !   D:6 [

Annotations:
Lair:4 exclusion: 4 oklob plants


Innate Abilities, Weirdness & Mutations

You have very sharp teeth.
Your uncanny sense of smell can sniff out nearby items.
Your experience applies equally to all skills.
A frigid envelope surrounds you and freezes all who hurt you.
You are weak. (Str -2)


Message History

Unknown command.
You hit the skeletal warrior but do no damage.
The skeletal warrior is heavily damaged.
The skeletal warrior hits you with a +0 glaive.
* * * LOW HITPOINT WARNING * * *
Unknown command.
You closely miss the skeletal warrior.
The skeletal warrior is heavily damaged.
The skeletal warrior hits you with a +0 glaive.
* * * LOW HITPOINT WARNING * * *
The skeletal warrior resists.
The skeletal warrior is very cold.
The skeletal warrior is heavily damaged.
You barely miss the skeletal warrior.
The skeletal warrior is heavily damaged.
The skeletal warrior closely misses you.
Unknown command.
Your ring mail of Ketyn prevents you from hitting the skeletal warrior.
The skeletal warrior is heavily damaged.
The skeletal warrior closely misses you.
Unknown command.
You slash the skeletal warrior!
The skeletal warrior is heavily damaged.
The skeletal warrior hits you with a +0 glaive!!
* * * LOW HITPOINT WARNING * * *
The skeletal warrior resists.
The skeletal warrior is very cold.
The skeletal warrior is severely damaged.
Unknown command.
You barely miss the skeletal warrior.
The skeletal warrior is severely damaged.
The skeletal warrior closely misses you.
Unknown command.
You feel better.
The skeletal warrior hits you with a +0 glaive!
* * * LOW HITPOINT WARNING * * *
Unknown command.
Press: ? - help, Shift-Dir - straight line, f - skeletal warrior
Aim: a skeletal warrior, wielding a +0 glaive (severely damaged, chance to affect: 26%)
The skeletal warrior easily resists.
The skeletal warrior hits you with a +0 glaive!!
You die...

............## #...........# #
#...........##### . ..
+..............>#
.#########..#(.........#.#.#
.........................#.###.#
..#....######....######.)$.....#
...........|#....)...|#..#.######
#...##......#...@.[...#..........
#...##......#...z.....#....######
#...........#.........#.......#
#.#....#....#.........#..#.##.#
..#.D......................<# #
..#......##................##
#.#...D..##...........[.....
#.#[.....................#.#
..######le..#....######..#.#


You could see a skeletal warrior.

Vanquished Creatures
  Snorg (Lair:5)
  The ghost of TimeIsEndless the Blocker, a journeyman FoFi of Okawaru (D:11)
  Josephine (Lair:5)
  Erolcha (D:12)
  5 hydras
  4 boulder beetles
  An ogre mage (D:13)
  3 catoblepae
  An ice dragon (Lair:6)
  3 centaur warriors
  A death knight (D:11)
  A death yak (Lair:6)
  3 two-headed ogres
  Sonja (D:12)
  A deep elf knight (D:13)
  8 skeletal warriors
  A lindwurm (Lair:6)
  A deep elf pyromancer (D:13)
  Pikel (D:6)
  A cyclops (D:12)
  13 elephants
  A manticore (D:12)
  5 torpor snails (Lair:6)
  3 black mambas
  Maggie (D:6)
  2 gargoyles
  14 cane toads
  4 kobold demonologists
  An unseen horror (D:11)
  3 rime drakes
  An efreet (D:13)
  2 tengu conjurers (D:13)
  11 komodo dragons
  A freezing wraith (D:10)
  A troll (D:12)
  9 hornets
  18 polar bears
  3 tyrant leeches (Lair:6)
  A raiju (Lair:6)
  8 slime creatures (D:15)
  13 dream sheep
  A snapping turtle (Lair:4)
  4 blink frogs
  A vampire (D:7)
  8 wraiths
  8 wyverns
  48 yaks
  8 vampire mosquitoes
  2 steam dragons
  5 basilisks
  4 nagas (Lair:4)
  16 hell hounds (Lair:6)
  6 wargs
  4 acid dragons
  19 water moccasins
  14 black bears
  7 orc warriors
  2 necrophages
  A sky beast (D:7)
  22 wolves
  2 ogres
  7 centaurs
  A lemure (D:6)
  4 phantoms
  8 kobold brigands
  2 elf zombies (D:5)
  17 bullfrogs
  A gnoll sergeant (D:9)
  10 scorpions
  2 elf skeletons (D:5)
  A water moccasin skeleton (D:6)
  A killer bee (D:11)
  2 electric eels (Lair:2)
  5 centaur zombies
  5 orc priests
  Crazy Yiuf (D:3)
  2 hounds (D:6)
  3 human zombies (Ossuary)
  A bullfrog skeleton (D:7)
  A centaur skeleton (D:5)
  2 gnoll shamans
  3 iguanas
  4 scorpion zombies
  10 orc wizards
  5 hell rats
  A killer bee zombie (D:8)
  A hound skeleton (D:4)
  A hound zombie (D:5)
  3 mummies (Ossuary)
  A howler monkey zombie (D:9)
  12 gnolls
  6 adders
  A white imp (D:7)
  2 ufetubi (D:4)
  A worm (D:2)
  3 dart slugs
  47 orcs
  6 bats
  3 endoplasms
  3 giant cockroaches
  3 gnoll zombies (Ossuary)
  5 goblins
  7 hobgoblins
  7 jackals
  3 quokkas
  6 ball pythons
  2 frilled lizards
  A goblin zombie (Ossuary)
  31 kobolds
  A kobold zombie (Ossuary)
  2 orc skeletons (D:5)
  4 orc zombies (Ossuary)
  6 rats
604 creatures vanquished.

Vanquished Creatures (others)
  A vault guard (D:13)
  A kobold (D:9)
  2 bushes (Lair:6)
  44 fungi
  122 plants
170 creatures vanquished.

Grand Total: 774 creatures vanquished

Notes
Turn   | Place    | Note
-------+----------+-------------------------------------------
     0 | Abyss:1  | Gargoyl the Gnoll Abyssal Knight began the quest for the
                  | Orb.
     0 | Abyss:1  | Reached XP level 1. HP: 23/23 MP: 3/3
    46 | Abyss:2  | Noticed a hellwing
    47 | Abyss:2  | Noticed a smoke demon
    56 | Abyss:2  | Noticed a neqoxec
    61 | Abyss:2  | Noticed an ancient zyme
    89 | Abyss:2  | Noticed an iron imp
   115 | Abyss:2  | Identified the +9 halberd of Valour {vorpal, rF+ Will+
                  | Stlth+}
   117 | D:1      | Escaped the Abyss
   328 | D:1      | Reached XP level 2. HP: 29/29 MP: 5/5
   339 | D:1      | Found Omoq's Distillery.
   398 | D:1      | Bought a potion of curing for 36 gold pieces
   398 | D:1      | Bought a potion of curing for 36 gold pieces
   424 | D:1      | Reached * piety under Lugonu
   914 | D:1      | Reached XP level 3. HP: 35/35 MP: 6/6
  1824 | D:3      | You fall into a shaft and drop 1 floor!
  1824 | D:4      | Noticed a necrophage
  1828 | D:4      | Killed a necrophage
  1829 | D:4      | Reached skill level 1 in Short Blades
  1829 | D:4      | Reached skill level 1 in Long Blades
  1829 | D:4      | Reached skill level 1 in Maces & Flails
  1829 | D:4      | Reached skill level 1 in Polearms
  1829 | D:4      | Reached skill level 1 in Staves
  1829 | D:4      | Reached skill level 1 in Slings
  1829 | D:4      | Reached skill level 1 in Bows
  1829 | D:4      | Reached skill level 1 in Crossbows
  1829 | D:4      | Reached skill level 1 in Throwing
  1829 | D:4      | Reached skill level 1 in Stealth
  1829 | D:4      | Reached skill level 1 in Shields
  1829 | D:4      | Reached skill level 1 in Unarmed Combat
  1829 | D:4      | Reached skill level 1 in Spellcasting
  1829 | D:4      | Reached skill level 1 in Conjurations
  1829 | D:4      | Reached skill level 1 in Hexes
  1829 | D:4      | Reached skill level 1 in Summonings
  1829 | D:4      | Reached skill level 1 in Necromancy
  1829 | D:4      | Reached skill level 1 in Translocations
  1829 | D:4      | Reached skill level 1 in Transmutations
  1829 | D:4      | Reached skill level 1 in Fire Magic
  1829 | D:4      | Reached skill level 1 in Ice Magic
  1829 | D:4      | Reached skill level 1 in Air Magic
  1829 | D:4      | Reached skill level 1 in Earth Magic
  1829 | D:4      | Reached skill level 1 in Poison Magic
  1829 | D:4      | Reached skill level 1 in Evocations
  1829 | D:4      | Reached XP level 4. HP: 36/41 MP: 7/7
  1829 | D:4      | Reached XP level 5. HP: 42/47 MP: 8/8
  2368 | D:3      | Reached ** piety under Lugonu
  2489 | D:3      | Found a faded altar of an unknown god.
  2705 | D:3      | Found a runed translucent door.
  2706 | D:3      | Noticed Crazy Yiuf
  2712 | D:3      | Killed Crazy Yiuf
  2713 | D:3      | Reached skill level 5 in Invocations
  2713 | D:3      | Reached XP level 6. HP: 31/53 MP: 9/9
  3119 | D:4      | Found a staircase to the Ecumenical Temple.
  3148 | D:4      | Reached skill level 5 in Axes
  3148 | D:4      | Reached skill level 5 in Armour
  3326 | D:4      | Found a shimmering altar of Xom.
  3329 | D:4      | Noticed a water moccasin
  3333 | D:4      | Killed a water moccasin
  3535 | D:4      | Reached XP level 7. HP: 55/60 MP: 10/10
  3820 | D:4      | Identified the +2 ring mail of Ketyn {rElec rPois Str+6
                  | Stlth-}
  4320 | D:5      | Entered Level 5 of the Dungeon
  4370 | D:5      | Found an ornate altar of the Wu Jian Council.
  4371 | D:5      | Found an opulent altar of Gozag.
  4372 | D:5      | Found a sacrificial altar of Ru.
  4373 | D:5      | Found a stormy altar of Qazlal.
  4373 | D:5      | Found a blossoming altar of Fedhas.
  4375 | D:5      | Found a snail-covered altar of Cheibriados.
  4375 | D:5      | Found an iron altar of Okawaru.
  4384 | D:5      | Found a bloodstained altar of Trog.
  4588 | D:5      | Found a glowing golden altar of the Shining One.
  4674 | D:5      | Reached XP level 8. HP: 39/67 MP: 12/12
  4700 | D:5      | Found a sand-covered staircase.
  4708 | Ossuary  | Entered an ossuary
  4997 | Ossuary  | Reached *** piety under Lugonu
  5278 | Ossuary  | Reached XP level 9. HP: 46/72 MP: 14/14
  5888 | D:5      | Reached skill level 5 in Dodging
  6178 | D:6      | Identified 2 scrolls of acquirement
  6178 | D:6      | Acquired a +1 helmet of intelligence
  6192 | D:6      | Acquired the +3 hat "Ihes" {rC+ Str+3}
  6210 | D:6      | Gained mutation: You are weak. (Str -2) [potion of
                  | mutation]
  6210 | D:6      | Gained mutation: A frigid envelope surrounds you and
                  | freezes all who hurt you. [potion of mutation]
  6388 | D:6      | Reached **** piety under Lugonu
  6388 | D:6      | Noticed Maggie
  6510 | D:6      | Killed Maggie
  6633 | D:6      | Found Ycrixer's Antique Armour Emporium.
  6703 | D:6      | Noticed Pikel
  6708 | D:6      | Killed Pikel
  6709 | D:6      | Reached XP level 10. HP: 80/80 MP: 17/17
  7276 | D:7      | Reached skill level 5 in Short Blades
  7276 | D:7      | Reached skill level 5 in Long Blades
  7276 | D:7      | Reached skill level 5 in Maces & Flails
  7276 | D:7      | Reached skill level 5 in Polearms
  7276 | D:7      | Reached skill level 5 in Staves
  7276 | D:7      | Reached skill level 5 in Slings
  7276 | D:7      | Reached skill level 5 in Bows
  7276 | D:7      | Reached skill level 5 in Crossbows
  7276 | D:7      | Reached skill level 5 in Throwing
  7276 | D:7      | Reached skill level 5 in Stealth
  7276 | D:7      | Reached skill level 5 in Shields
  7276 | D:7      | Reached skill level 5 in Unarmed Combat
  7276 | D:7      | Reached skill level 5 in Spellcasting
  7276 | D:7      | Reached skill level 5 in Evocations
  7572 | D:7      | Reached ***** piety under Lugonu
  8065 | D:7      | Noticed a gargoyle
  8071 | D:7      | Killed a gargoyle
  8409 | D:1      | Bought a potion of heal wounds for 60 gold pieces
  8409 | D:1      | Bought a potion of lignification for 36 gold pieces
  8409 | D:1      | Bought a potion of curing for 36 gold pieces
  8409 | D:1      | Bought a potion of curing for 36 gold pieces
  8409 | D:1      | Bought a potion of might for 48 gold pieces
  8409 | D:1      | Bought a potion of haste for 120 gold pieces
  8913 | D:8      | Found a sparkling altar of Nemelex Xobeh.
  9709 | D:9      | Found a staircase to the Orcish Mines.
  9766 | D:9      | Reached XP level 11. HP: 85/87 MP: 19/19
  9767 | D:9      | Noticed a two-headed ogre
 10324 | D:9      | Found a staircase to the Lair.
 10338 | D:9      | Killed a two-headed ogre
 10339 | D:9      | Reached skill level 5 in Conjurations
 10339 | D:9      | Reached skill level 5 in Hexes
 10339 | D:9      | Reached skill level 5 in Summonings
 10339 | D:9      | Reached skill level 5 in Necromancy
 10339 | D:9      | Reached skill level 5 in Translocations
 10339 | D:9      | Reached skill level 5 in Transmutations
 10339 | D:9      | Reached skill level 5 in Fire Magic
 10339 | D:9      | Reached skill level 5 in Ice Magic
 10339 | D:9      | Reached skill level 5 in Air Magic
 10339 | D:9      | Reached skill level 5 in Earth Magic
 10339 | D:9      | Reached skill level 5 in Poison Magic
 10505 | D:9      | Identified the ring of the Verdant Banana {+Blink Fly
                  | rElec}
 10857 | D:10     | Entered Level 10 of the Dungeon
 11379 | D:11     | Noticed a death knight
 11379 | D:11     | Noticed a skeletal warrior
 11379 | D:11     | Noticed a skeletal warrior
 11765 | Lair:1   | Entered Level 1 of the Lair of Beasts
 13277 | Lair:1   | Reached XP level 12. HP: 39/96 MP: 22/22
 13780 | Lair:2   | Noticed a four-headed hydra
 13800 | Lair:2   | Killed a one-headed hydra
 14010 | Lair:2   | Noticed a boulder beetle
 14093 | Lair:1   | Acquired 1086 gold pieces
 14213 | Lair:1   | Killed a boulder beetle
 14987 | Lair:2   | Reached skill level 10 in Fighting
 15562 | Lair:3   | Noticed a boulder beetle
 15575 | Lair:3   | Killed a boulder beetle
 15882 | Lair:3   | HP: 1/97 [cane toad (51)]
 16512 | Lair:3   | Reached XP level 13. HP: 74/103 MP: 24/24
 17280 | Lair:4   | Reached skill level 10 in Invocations
 17416 | Lair:4   | Reached ****** piety under Lugonu
 17951 | Lair:4   | Found a staircase to the Snake Pit.
 18070 | Lair:4   | Found a staircase to the Shoals.
 19392 | Lair:5   | Noticed Josephine
 20409 | Lair:5   | Killed Josephine
 20585 | Lair:6   | Entered Level 6 of the Lair of Beasts
 20828 | Lair:6   | Reached skill level 10 in Axes
 20828 | Lair:6   | Reached skill level 10 in Armour
 20829 | Lair:6   | Reached XP level 14. HP: 52/113 MP: 26/26
 21429 | Lair:6   | Found a runed translucent door.
 21473 | Lair:6   | Paralysed by a hornet for 1 turns
 22198 | Lair:6   | Found a viscous altar of Jiyva.
 22198 | Lair:6   | Found a staircase to the Slime Pits.
 22202 | Lair:6   | Noticed Snorg
 22614 | Lair:5   | Killed Snorg
 25708 | D:11     | Reached skill level 10 in Dodging
 26218 | D:11     | Found a runed translucent gate.
 26218 | D:11     | Found a runed translucent gate.
 26221 | D:11     | Found a runed translucent gate.
 26889 | D:11     | Noticed TimeIsEndless's ghost (journeyman FoFi)
 27349 | D:11     | Killed TimeIsEndless's ghost
 27350 | D:11     | Reached XP level 15. HP: 27/120 MP: 28/28
 28134 | D:12     | You fall into a shaft and drop 3 floors!
 28134 | D:15     | Entered Level 15 of the Dungeon
 29032 | D:13     | Reached skill level 10 in Short Blades
 29032 | D:13     | Reached skill level 10 in Long Blades
 29032 | D:13     | Reached skill level 10 in Maces & Flails
 29032 | D:13     | Reached skill level 10 in Polearms
 29032 | D:13     | Reached skill level 10 in Staves
 29032 | D:13     | Reached skill level 10 in Slings
 29032 | D:13     | Reached skill level 10 in Bows
 29032 | D:13     | Reached skill level 10 in Crossbows
 29032 | D:13     | Reached skill level 10 in Throwing
 29032 | D:13     | Reached skill level 10 in Stealth
 29032 | D:13     | Reached skill level 10 in Shields
 29032 | D:13     | Reached skill level 10 in Unarmed Combat
 29032 | D:13     | Reached skill level 10 in Spellcasting
 29032 | D:13     | Reached skill level 10 in Evocations
 29987 | D:12     | Noticed Erolcha
 29992 | D:12     | Killed Erolcha
 30496 | D:12     | Identified the +1 robe "Uxuen" {+Inv rF- Dex+4 Stlth+}
 30514 | D:12     | Noticed Sonja
 30519 | D:12     | Cast into level 2 of the Abyss (Sonja)
 30537 | D:12     | Escaped the Abyss
 30539 | D:12     | Killed Sonja
 31101 | D:13     | HP: 4/120 [skeletal warrior[a skeletal warrior] (15)]
 31102 | D:13     | Demolished by a skeletal warrior

Illustrated notes

Levels and vault maps discovered:
D:1:      doesnt_arrival_eight_statues, layout_basic, serial_shops, shop
D:2:      layout_loops_corners
D:3:      minmay_door_path, layout_basic,
          hellmonk_ecumenical_altar_defaced_shrine, hangedman_feature_mirror,
          uniq_crazy_yiuf_cottage
D:4:      layout_cave_pods, tgw_xom, minmay_temple_entry_ruins
D:5:      layout_loops_ring, mainiacjoe_overflow_paths,
          grunt_temple_overflow_open, nicolae_ossuary_entry_catacombs,
          hangedman_decor_clover_reticule, grunt_ministairs_7
D:6:      layout_loops_ring, serial_shops, shop, uniq_pikel, uniq_maggie
D:7:      layout_loops_ring, minmay_fractal_squares_5
D:8:      layout_rooms, nemelex_xobeh_ov_fountains_minmay, minivault_25
D:9:      layout_cave_pools, erik_lair_orcish_takeover, david_orc_2
D:10:     layout_cave_pools
D:11:     layout_basic, gammafunk_ghost_nasty_kobolds, kennysheep_generic_room_9
D:12:     layout_rooms, uniq_erolcha, uniq_sonja
D:13:     minmay_cut_squares, layout_basic, ximxim_vaults_locker_room
D:14:     layout_rooms, serial_shops, shop, okawaru_metal_pillars_1_2,
          gammafunk_ghost_spectres
D:15:     hangedman_depths_entry_civil_slaughter, layout_rooms,
          minmay_misc_feat_plants, minivault_27, chequers_decorated_corner,
          uniq_kirke
Lair:1:   layout_hall_layers
Lair:2:   layout_layer_cave, hibernation_bobbens, serial_bayou_shore_b,
          infiniplex_staircase_pool, serial_bayou_shore_a
Lair:3:   layout_chaotic_city, grunt_megastairs_2
Lair:4:   minmay_lair_oklob_chamber, layout_big_grid, minmay_shoals_entry_hut,
          minmay_snake_entry_guardpost_small, beast_lair_carwin_5
Lair:5:   layout_gridlike, uniq_josephine
Lair:6:   wormcave, layout_regular_city, hangedman_lair_caniforms_friends,
          slime_altar_1, gauntlet_entry_generic, st_stairs_4,
          cheibrodos_lair_lostbears, serial_bayou_shore_b, lemuel_fruit_tree,
          uniq_snorg

Skill      XL: |  1  2  3  4  5  6  7  8  9 10 11 12 13 14 15 |
---------------+----------------------------------------------+-----
Short Blades   | 1 2 3 4 5 6 7 8 9 10 | 10.2
Long Blades    | 1 2 3 4 5 6 7 8 9 10 | 10.2
Maces & Flails | 1 2 3 4 5 6 7 8 9 10 | 10.2
Polearms       | 1 2 3 4 5 6 7 8 9 10 | 10.2
Staves         | 1 2 3 4 5 6 7 8 9 10 | 10.2
Slings         | 1 2 3 4 5 6 7 8 9 10 | 10.2
Bows           | 1 2 3 4 5 6 7 8 9 10 | 10.2
Crossbows      | 1 2 3 4 5 6 7 8 9 10 | 10.2
Throwing       | 1 2 3 4 5 6 7 8 9 10 | 10.2
Stealth        | 1 2 3 4 5 6 7 8 9 10 | 10.2
Shields        | 1 2 3 4 5 6 7 8 9 10 | 10.2
Unarmed Combat | 1 2 3 4 5 6 7 8 9 10 | 10.2
Spellcasting   | 1 2 3 4 5 6 7 8 9 10 | 10.2
Conjurations   | 1 2 3 4 5 6 7 8 |  8.6
Hexes          | 1 2 3 4 5 6 7 8 |  8.6
Summonings     | 1 2 3 4 5 6 7 8 |  8.6
Necromancy     | 1 2 3 4 5 6 7 8 |  8.6
Translocations | 1 2 3 4 5 6 7 8 |  8.6
Transmutations | 1 2 3 4 5 6 7 8 |  8.6
Fire Magic     | 1 2 3 4 5 6 7 8 |  8.6
Ice Magic      | 1 2 3 4 5 6 7 8 |  8.6
Air Magic      | 1 2 3 4 5 6 7 8 |  8.6
Earth Magic    | 1 2 3 4 5 6 7 8 |  8.6
Poison Magic   | 1 2 3 4 5 6 7 8 |  8.6
Evocations     | 1 2 3 4 5 6 7 8 9 10 | 10.2
Dodging        | 3 4 5 6 7 8 9 10 | 10.6
Invocations    | 5 6 7 8 9 10 11 12 | 12.0
Axes           | 5 6 7 8 9 10 11 | 11.2
Armour         | 5 6 7 8 9 10 11 | 11.2
Fighting       | 7 8 9 10 11 12 | 12.1

Action                   |  1- 3 |  4- 6 |  7- 9 | 10-12 | 13-15 || total
-------------------------+-------+-------+-------+-------+-------++-------
Melee: Halberd           |    52 |    88 |   220 |   421 |   794 ||  1575
       Bite              |       |     1 |    17 |    51 |   106 ||   175
       War axe           |       |       |       |     4 |       ||     4
       Punch             |       |       |       |     1 |       ||     1
Throw: Dart              |       |     4 |    12 |    33 |    80 ||   129
Invok: Depart the Abyss  |     1 |       |       |       |     1 ||     2
       Bend Space        |       |       |       |     4 |     2 ||     6
       Banish            |       |       |       |     1 |     4 ||     5
  Use: Scroll            |     3 |     5 |    13 |     8 |     9 ||    38
       Potion            |       |       |     2 |     4 |     3 ||     9
 Stab: Sleeping          |     5 |     8 |     5 |    12 |    17 ||    47
       Distracted        |       |       |     1 |     2 |       ||     3
Armor: Leather armour    |     6 |     8 |       |       |       ||    14
       Scale mail        |       |    30 |     5 |       |       ||    35
       Ring mail         |       |       |   110 |   226 |   512 ||   848
Dodge: Dodged            |    44 |    40 |   153 |   471 |   761 ||  1469

Table legend: (Time is in decaauts)
 A = Elapsed time spent in this place.
 B = Non-inter-level travel time spent in this place.
 C = Inter-level travel time spent in this place.
 D = Time resting spent in this place.
 E = Time spent auto-exploring this place.
 F = Levels seen in this place.
 G = Mean time per level.
                   A        B        C        D        E       F      G
               +--------+--------+--------+--------+--------+-----+--------+
         Total |  31470 |  30465 |   1005 |   7781 |  17258 |  25 | 1258.8 |
       Dungeon |  16990 |  16319 |    671 |   3563 |   9919 |  15 | 1132.7 |
          Lair |  13475 |  13141 |    334 |   3859 |   7040 |   6 | 2245.8 |
         Abyss |    134 |    134 |      0 |      0 |     67 |   3 |   44.7 |
       Ossuary |    869 |    869 |      0 |    358 |    231 |   1 |  869.0 |
               +--------+--------+--------+--------+--------+-----+--------+

Top non-repeatable levels by time:
  Lair:6: 4720 daAuts
    D:11: 2612 daAuts
  Lair:4: 2157 daAuts
    D:12: 1777 daAuts
  Lair:3: 1727 daAuts
  Lair:5: 1721 daAuts
  Lair:1: 1594 daAuts
  Lair:2: 1555 daAuts
     D:8: 1361 daAuts
     D:4: 1348 daAuts
     D:3: 1303 daAuts
     D:6: 1195 daAuts
     D:9: 1181 daAuts
     D:5: 1139 daAuts
     D:7: 1095 daAuts
